 Dungeon Crawl Stone Soup version 0.26-b1-32-g5d43845318 (webtiles) character file.

Game seed: 2744661397018304077

2038 Borgoz the Slasher (level 9, -5/74 HPs)
             Began as a Ghoul Gladiator on Jan 13, 2021.
             Was a Follower of Ashenzari.
             Slain by a yak (9 damage)
             ... on level 8 of the Dungeon.
             The game lasted 00:07:56 (7035 turns).

Borgoz the Slasher (Ghoul Gladiator)                Turns: 7035, Time: 00:07:57

Health: -5/74      AC:  8    Str: 19    XL:     9   Next: 24%
Magic:  8/8        EV: 15    Int:  3    God:    Ashenzari [*.....]
Gold:   490        SH:  0    Dex: 12    Spells: 8/8 levels left

rFire    . . .     SeeInvis .   a - +0 long sword
rCold    + . .     Faith    .   (no shield)
rNeg     + + +     Spirit   .   o - +1 troll leather armour
rPois    ∞         Reflect  .   c - +0 helmet
rElec    .         Harm     .   (no cloak)
rCorr    .         Rampage  .   q - +0 pair of gloves
Will     .....                  (no boots)
Stlth    +.........             (no amulet)
HPRegen  0.00/turn              (no ring)
MPRegen  0.11/turn              (no ring)

@: mighty
A: claws 1, cold resistance 1, negative energy resistance 3, inhibited
regeneration, torment resistance, unbreathing
a: Renounce Religion, Curse Item, Scrying


You were on level 8 of the Dungeon.
You worshipped Ashenzari.
Ashenzari was aware of your devotion.
You visited 2 branches of the dungeon, and saw 9 of its levels.

You collected 490 gold pieces.

Inventory:

Hand Weapons
 a - a +0 long sword (weapon)
Armour
 c - a +0 helmet (worn)
 o - a +1 troll leather armour (worn)
 q - a +0 pair of gloves (worn)
Jewellery
 x - an uncursed ring of ice
 D - an uncursed ring of ice
 E - a +6 ring of dexterity
Wands
 h - a wand of flame (16)
 F - a wand of paralysis (5)
Scrolls
 f - 3 scrolls of enchant armour
 g - 5 scrolls of remove curse
 m - 2 scrolls of random uselessness {unknown}
 n - 4 scrolls of teleportation
 r - a scroll of amnesia {unknown}
 t - a scroll of enchant weapon {unknown}
 u - 2 scrolls of immolation
 v - a scroll of fog {unknown}
 y - 3 scrolls of blinking {unknown}
 z - a scroll of fear
 B - a scroll of noise {unknown}
 C - 2 scrolls of magic mapping {unknown}
Potions
 b - 4 potions of lignification {unknown}
 e - a potion of berserk rage
 i - 3 potions of flight {unknown}
 j - 2 potions of ambrosia
 k - 5 potions of curing
 l - a potion of might
 p - a potion of brilliance {unknown}
 s - a potion of heal wounds {unknown}
 w - 4 potions of haste {unknown}
 A - a potion of attraction


   Skills:
 + Level 5.6 Fighting
 * Level 6.9 Long Blades
 - Level 1.7 Throwing
 + Level 4.1 Armour
 * Level 6.8 Dodging


You had 8 spell levels left.
You didn't know any spells.
Your spell library was empty.

Dungeon Overview and Level Annotations

Branches:
Dungeon (8/15)             Temple (1/1) D:5
   Lair: D:8-11

Altars:
Ashenzari
Dithmenos
Elyvilon
Fedhas
Gozag
Hepliaklqana
Kikubaaqudgha
Makhleb
Nemelex Xobeh
Okawaru
Qazlal
Ru
Trog
Wu Jian
Xom
Yredelemnul
Zin
The Shining One


Innate Abilities, Weirdness & Mutations

You thrive by killing the living.
You are immune to poison.
You have sharp fingernails.
Your flesh is cold resistant. (rC+)
You are immune to negative energy. (rN+++)
You do not regenerate when monsters are visible.
You are immune to unholy pain and torment.
You can survive without breathing.


Message History

You kill the white imp!
You slash the wight!
The wight is severely damaged.
The wight closely misses you.
You riposte.
You hit the wight.
You destroy the wight!
The wight hits you from afar with a +3 spear.
You slash the yak!
The yak is moderately wounded.
The wight misses you. The yak misses you.
You riposte.
You slash the yak!
The yak is heavily wounded.
You slash the yak!
The yak is severely wounded.
The wight hits you from afar with a +3 spear.
* * * LOW HITPOINT WARNING * * *
The yak gores you!
* * * LOW HITPOINT WARNING * * *
You hit the yak but do no damage.
The yak is severely wounded.
The wight closely misses you. The yak gores you!
You die...

#....# .# #....#####.#
#### #........#.# #...
#####.#.##.....## #...
#.....#.##....... #...
#.....#>##....### #[..
#.....#.#........
..##.YY##.....#.#......##
.....zzY@.....#.#.#..#.#
..##.zY##....##.#.#..#.##
#... #....##.#.......#
#### #..[.##.######...
#....##.......... #....#
#####..... #....# #.###.
....# #.# ## #.#


You could see 4 yaks and 3 wights.

Vanquished Creatures
  Sigmund (D:2)
  A yak (D:8)
  3 ice beasts
  An ogre (D:7)
  2 centaurs (D:5)
  2 bullfrogs
  2 scorpions (D:5)
  A wyvern skeleton (D:8)
  4 howler monkeys
  A wight (D:8)
  2 centaur zombies
  3 hounds
  A jelly (D:7)
  A bullfrog skeleton (D:7)
  3 iguanas
  An orc wizard (D:4)
  3 worker ants
  Terence (D:2)
  A hound zombie (D:7)
  2 hound skeletons
  7 adders
  2 shadow imps
  3 white imps
  3 oozes
  An ufetubus (D:5)
  2 adder skeletons
  6 worms
  The ghost of EnegeticOcto the Sneak, a weakling DDDe (D:6)
  5 dart slugs
  5 leopard geckos
  20 orcs
  A ball python (D:3)
  8 bats
  4 giant cockroaches
  4 goblins
  11 hobgoblins
  22 jackals
  5 quokkas
  6 frilled lizards
  5 kobolds
  A quokka skeleton (D:4)
  10 rats
168 creatures vanquished.

Vanquished Creatures (others)
  2 fungi (D:1)
2 creatures vanquished.

Grand Total: 170 creatures vanquished

Notes
Turn   | Place    | Note
-------+----------+-------------------------------------------
     0 | D:1      | Borgoz the Ghoul Gladiator began the quest for the Orb.
     0 | D:1      | Reached XP level 1. HP: 17/17 MP: 0/0
   151 | D:1      | Reached XP level 2. HP: 24/24 MP: 1/1
   562 | D:1      | Reached XP level 3. HP: 22/30 MP: 2/2
   694 | D:1      | Reached skill level 1 in Armour
  1022 | D:1      | Found a sparkling altar of Nemelex Xobeh.
  1271 | D:1      | Reached XP level 4. HP: 36/37 MP: 3/3
  1547 | D:2      | Noticed Terence
  1561 | D:2      | Killed Terence
  1884 | D:2      | Reached XP level 5. HP: 28/44 MP: 4/4
  2154 | D:2      | Noticed Sigmund
  2172 | D:2      | Killed Sigmund
  2173 | D:2      | Reached XP level 6. HP: 34/51 MP: 5/5
  3099 | D:3      | Found a sacrificial altar of Ru.
  3282 | D:4      | Reached XP level 7. HP: 37/58 MP: 6/6
  3543 | D:4      | Found a bloodstained altar of Trog.
  3571 | D:4      | Reached skill level 5 in Long Blades
  3629 | D:4      | Found a basalt altar of Yredelemnul.
  3917 | D:5      | Entered Level 5 of the Dungeon
  3940 | D:5      | Reached skill level 5 in Dodging
  4059 | D:5      | Reached XP level 8. HP: 22/66 MP: 7/7
  4120 | D:5      | Found a staircase to the Ecumenical Temple.
  4341 | D:5      | Found a sparkling altar of Nemelex Xobeh.
  4741 | Temple   | Entered the Ecumenical Temple
  4937 | Temple   | Became a worshipper of Ashenzari the Shackled
  5177 | D:6      | Found a runed translucent door.
  5178 | D:6      | Noticed EnegeticOcto's ghost (weakling DDDe)
  5567 | D:6      | Found a white marble altar of Elyvilon.
  5729 | D:6      | Killed EnegeticOcto's ghost
  5887 | D:7      | Reached skill level 5 in Fighting
  6100 | D:7      | Reached * piety under Ashenzari
  6263 | D:7      | Reached XP level 9. HP: 73/74 MP: 8/8
  7035 | D:8      | Slain by a yak

Illustrated notes

Levels and vault maps discovered:
D:1:      dpeg_cavernosity, layout_loops_ring, nemelex_diamond_rough_becter
D:2:      layout_loops_corners, uniq_terence, uniq_sigmund
D:3:      layout_loops_ring, nicolae_overflow_crystal_walls
D:4:      layout_cave_pools, general_overflow_altar,
          nicolae_overflow_hidden_temple
D:5:      layout_loops_ring, temple_doors_e, nemelex_xobeh_ov_fountains_minmay
D:6:      layout_basic, lemuel_coloured_pillars_altar, ebering_ghost_inner_flame
D:7:      layout_basic, minmay_door_square
D:8:      layout_basic, uniq_psyche
Temple:   eino_narrow_crystal_temple

Skill      XL: |  1  2  3  4  5  6  7  8  9 |
---------------+----------------------------+-----
Long Blades    | 3 4 5 6 |  6.9
Dodging        | 3 4 5 6 |  6.8
Armour         | 1 2 3 4 |  4.1
Fighting       | 3 4 5 |  5.6
Throwing       | |  1.7

Action                   |  1- 3 |  4- 6 |  7- 9 || total
-------------------------+-------+-------+-------++-------
Melee: Long sword        |    97 |   198 |   366 ||   661
Throw: Throwing net      |       |     3 |     1 ||     4
  Use: Scroll            |       |     5 |     3 ||     8
       Potion            |       |       |     2 ||     2
 Stab: Held in net/web   |       |     2 |       ||     2
       Distracted        |       |       |     1 ||     1
Armor: Leather armour    |    39 |     7 |       ||    46
       Troll leather arm |       |    35 |   131 ||   166
Dodge: Dodged            |    76 |   145 |   335 ||   556
       Rpst.: Long sword |    26 |    31 |   118 ||   175
